Map: [ESL] Altitude

Players

HeroMarine

  • Race: Terran Terran
  • Spawn Location: 7:00

Creator - Winner!

  • Race: Protoss Protoss
  • Spawn Location: 1:00

Event: ESL SC2 Masters 2023 Summer (Finals)

VOD

Have the link to the VOD?

Description

Time

  • Played on: June 17, 2023, 5:32 a.m.
  • Length: 12:31

All games in this series

Show
View Real Time Build Order
Export as new Build Order

HeroMarine Terran 

Build Orders:  

Get SALT Encoding   

  12  0:00  SCV  
  13  0:12  SCV  
  14  0:17  Supply Depot  
  14  0:24  SCV  
  15  0:38  SCV  
  15  0:40  Barracks  
  16  0:44  Refinery  
  16  0:51  SCV  
  17  1:03  SCV  
  18  1:15  SCV  
  19  1:26  Barracks Reactor  
  19  1:27  Orbital Command  
  19  1:42  Command Center  
  19  1:52  Supply Depot  
  19  1:54  SCV  
  20  2:03  Reaper  
  20  2:04  Reaper  
  20  2:06  SCV  
  23  2:18  SCV  
  24  2:30  SCV  
  24  2:32  Command Center  
  24  2:35  Marine  
  24  2:37  Marine  
  26  2:42  SCV  
  28  2:49  Barracks  
  28  2:53  Marine  
  28  2:54  Marine  
  28  2:56  SCV  
  31  3:04  Orbital Command  
  30  3:08  SCV  
  30  3:10  Marine  
  30  3:12  Marine  
  31  3:19  Barracks  
  32  3:21  SCV  
  33  3:28  Marine  
  33  3:30  Marine, SCV  
  33  3:33  SCV  
  37  3:37  Barracks Tech Lab  
  37  3:43  SCV  
  37  3:46  Marine  
  37  3:48  Marine  
  39  3:49  Orbital Command  
  40  3:56  SCV x2  
  40  3:57  Marine  
  40  3:58  Stimpack  
  41  4:04  Marine  
  41  4:06  Marine, Barracks Tech Lab  
  41  4:08  SCV x2  
  41  4:09  Refinery, Supply Depot  
  45  4:15  SCV  
  47  4:17  Marauder  
  47  4:20  SCV x2  
  47  4:22  Marine  
  47  4:24  Marine  
  52  4:25  Marauder, Combat Shield  
  53  4:32  SCV  
  53  4:33  SCV, Engineering Bay  
  53  4:34  SCV  
  56  4:39  Marine  
  56  4:41  Marine  
  56  4:44  Marauder, SCV  
  61  4:47  Marauder  
  61  4:50  SCV x2  
  63  4:57  SCV, Marine  
  63  4:58  Refinery  
  63  4:59  Marine  
  66  5:00  Missile Turret  
  66  5:02  Missile Turret  
  66  5:05  Marine, Refinery, SCV x2  
  69  5:10  Factory  
  69  5:15  Supply Depot  
  69  5:23  Marine x4, SCV x3  
  75  5:35  SCV x3  
  77  5:38  Barracks x2, Concussive Shells  
  77  5:40  Marine x3  
  77  5:42  Terran Infantry Weapons Level 1  
  80  5:47  SCV  
  80  5:55  SCV x2, Marine  
  80  5:58  Marine  
  80  5:59  Marauder x2, SCV  
  78  6:07  SCV  
  74  6:11  Orbital Command, SCV  
  74  6:13  Marine  
  74  6:16  Marine  
  74  6:19  SCV  
  74  6:20  Marauder x2  
  74  6:23  SCV  
  74  6:25  Barracks Reactor, Barracks Tech Lab  
  80  6:27  Starport, Factory Reactor  
  80  6:31  SCV  
  81  6:35  SCV  
  81  6:38  Marine x2  
  82  6:41  Missile Turret  
  82  6:42  Marauder  
  82  6:43  SCV  
  82  6:45  Supply Depot  
  82  6:46  SCV, Marauder  
  88  6:48  SCV  
  88  6:51  Marauder  
  91  6:55  SCV, Supply Depot x2  
  91  6:58  SCV  
  93  7:06  SCV  
  93  7:07  Marauder, SCV  
  93  7:08  Marauder  
  99  7:10  Starport, Supply Depot, SCV  
  99  7:11  Marine, Factory Reactor  
  99  7:12  Marine, Ghost Academy  
  101  7:16  Medivac x2  
  101  7:18  Marauder  
  101  7:20  Marine  
  108  7:23  Supply Depot  
  108  7:25  Refinery  
  108  7:27  Refinery  
  108  7:28  Marine  
  108  7:29  SCV  
  109  7:30  SCV  
  109  7:31  Marine  
  109  7:32  Marine  
  109  7:33  Marine  
  109  7:34  Marine  
  114  7:38  Marine  
  114  7:40  Marine  
  115  7:44  Supply Depot  
  115  7:46  Marine, Medivac x2  
  115  7:49  Marine  
  115  7:50  Marine, Ghost  
  124  7:52  Ghost  
  124  7:56  Marine  
  124  7:58  Viking x2, Ghost  
  131  8:04  Supply Depot  
  131  8:05  Marine  
  133  8:07  Marine  
  134  8:13  Marine x2  
  134  8:18  Viking x2, Supply Depot, Terran Infantry Armor Level 1  
  142  8:20  Marauder  
  142  8:21  Marauder  
  142  8:23  Marine  
  142  8:25  Marine  
  148  8:27  Marauder  
  148  8:30  Viking  
  148  8:31  Marine x2, Viking  
  154  8:37  Supply Depot  
  154  8:38  Supply Depot  
  154  8:40  Marine  
  154  8:41  Marauder  
  157  8:42  Marauder  
  157  8:43  Marine  
  162  8:48  Marauder, Viking  
  162  8:51  Supply Depot  
  162  8:52  Missile Turret  
  164  8:58  Viking  
  164  8:59  Marine x2  
  164  9:00  Marine  
  164  9:01  Marine, Ghost  
  172  9:03  Ghost  
  172  9:07  Viking  
  172  9:09  Marine  
  177  9:14  Command Center  
  176  9:18  Viking  
  176  9:22  Medivac  
  180  9:28  Armory, Medivac  
  181  9:34  Marine x2, Supply Depot  
  181  9:35  Supply Depot  
  181  9:37  Marine x2  
  185  9:50  Marauder, Marine  
  185  9:51  Marine  
  185  9:52  Marine  
  174  10:04  Marine x2  
  174  10:05  Marine  
  145  10:09  Marauder x2, Marine  
  145  10:11  Marine  
  111  10:20  SCV x2  
  111  10:21  SCV  
  96  10:22  Marine x2  
  96  10:23  Marine, Medivac x2  
  96  10:27  Marine  
  98  10:29  Marauder  
  98  10:30  Marauder  
  98  10:31  Ghost  
  107  10:38  Liberator x2  
  110  10:45  Marine  
  110  10:48  Marine  
  115  10:51  Marine  
  115  10:52  Marine x2  
  115  10:53  Liberator x2, Ghost  
  115  10:56  Orbital Command  
  123  10:58  SCV x3  
  123  11:00  Ghost  
  128  11:10  Marauder  
  133  11:15  Marine x4  
  134  11:20  Medivac  
  134  11:22  Marauder, Viking  
  140  11:29  Marauder  
  140  11:31  Marauder  
  144  11:33  Marine x2  
  144  11:36  Viking  
  148  11:42  Viking  
  148  11:43  Marine  
  148  11:44  Marauder, Marine  
  154  11:50  Viking  
  154  11:51  Marauder, SCV x3  
  154  11:52  SCV  
  154  11:53  Marauder  
  164  11:56  Armory  
  164  12:05  Marauder  
  164  12:07  Marine x2  
Show
View Real Time Build Order
Export as new Build Order

Creator Protoss - Winner!

Build Orders: 1 Gate Expand, Phoenix Opening, Colossus Rush 

Get SALT Encoding   

  12  0:00  Probe  
  13  0:12  Probe  
  14  0:17  Pylon  
  14  0:24  Probe (Chrono Boost)  
  15  0:36  Probe (Chrono Boost)  
  15  0:39  Gateway  
  16  0:45  Probe (Chrono Boost)  
  16  0:48  Assimilator  
  17  0:51  Probe  
  18  1:03  Probe  
  19  1:15  Probe  
  20  1:26  Cybernetics Core  
  20  1:34  Nexus  
  20  1:42  Pylon  
  20  1:44  Probe  
  21  1:51  Assimilator  
  21  1:57  Probe  
  21  1:59  Adept (Chrono Boost)  
  24  2:09  Probe  
  25  2:21  Probe (Chrono Boost)  
  26  2:22  Stargate  
  26  2:26  Adept  
  28  2:33  Probe (Chrono Boost)  
  28  2:36  Warp Gate  
  29  2:42  Probe (Chrono Boost)  
  30  2:46  Probe (Chrono Boost)  
  32  2:53  Probe (Chrono Boost)  
  32  2:55  Probe (Chrono Boost)  
  32  2:56  Adept  
  35  3:00  Probe x2 (Chrono Boost)  
  37  3:06  Phoenix (Chrono Boost)  
  37  3:11  Probe  
  37  3:12  Probe  
  41  3:14  Pylon  
  41  3:23  Phoenix (Chrono Boost), Probe  
  41  3:24  Probe  
  45  3:36  Probe x2, Gateway  
  47  3:48  Probe x2  
  48  3:51  Robotics Facility  
  49  4:01  Probe x2  
  51  4:02  Nexus  
  51  4:06  Pylon  
  51  4:12  Gateway  
  51  4:15  Probe x2  
  53  4:27  Probe x2  
  53  4:29  Phoenix  
  57  4:32  Assimilator  
  57  4:34  Assimilator  
  57  4:35  Pylon, Shield Battery  
  57  4:39  Probe x2  
  59  4:49  Immortal  
  61  4:54  Probe, Robotics Bay  
  61  4:55  Probe  
  61  4:57  Stalker  
  65  5:02  Stalker  
  67  5:07  Probe x2 (Chrono Boost)  
  67  5:14  Pylon  
  69  5:17  Probe x2 (Chrono Boost), Zealot  
  69  5:21  Probe (Chrono Boost)  
  74  5:25  Stalker, Sentry  
  74  5:28  Probe x2, Observer  
  80  5:31  Probe  
  80  5:33  Pylon  
  82  5:40  Probe x2, Zealot  
  86  5:43  Probe  
  86  5:46  Colossus (Chrono Boost)  
  89  5:59  Zealot, Stalker  
  89  6:02  Stalker  
  85  6:06  Probe x3  
  86  6:13  Pylon, Assimilator  
  86  6:17  Forge x2  
  86  6:18  Probe x3  
  87  6:24  Pylon  
  87  6:25  Zealot, Sentry  
  93  6:27  Extended Thermal Lance  
  93  6:30  Probe x3, Pylon, Colossus (Chrono Boost)  
  102  6:42  Shield Battery  
  102  6:43  Assimilator  
  102  6:47  Zealot, Sentry  
  102  6:49  Zealot  
  102  6:51  Protoss Ground Armor Level 1 (Chrono Boost), Protoss Ground Weapons Level 1 (Chrono Boost)  
  102  6:53  Gateway  
  106  6:59  Pylon  
  106  7:02  Gateway  
  106  7:03  Twilight Council  
  106  7:04  Probe x2  
  106  7:05  Probe  
  109  7:09  Observer  
  109  7:15  Colossus (Chrono Boost)  
  115  7:20  Photon Cannon  
  115  7:21  Shield Battery  
  115  7:22  Zealot x2  
  119  7:23  Sentry  
  119  7:28  Phoenix  
  123  7:36  Nexus  
  123  7:39  Pylon  
  123  7:45  Charge  
  123  7:46  Templar Archives  
  123  7:51  Pylon, Gateway  
  123  7:52  Gateway  
  123  7:57  Gateway  
  123  8:02  Shield Battery  
  123  8:04  Photon Cannon  
  123  8:05  Warp Prism (Chrono Boost)  
  125  8:08  Zealot  
  125  8:09  Zealot  
  129  8:14  Zealot, Stalker  
  129  8:17  Probe x3  
  136  8:22  Photon Cannon  
  136  8:23  Shield Battery  
  136  8:30  High Templar x2  
  136  8:32  Zealot  
  136  8:34  Archon, Observer, Shield Battery  
  142  8:37  High Templar x2  
  146  8:45  Archon  
  146  8:47  Immortal (Chrono Boost), Protoss Ground Weapons Level 2 (Chrono Boost), Protoss Ground Armor Level 2 (Chrono Boost)  
  150  8:53  Zealot x3  
  156  8:58  Shield Battery, Assimilator  
  156  9:00  Assimilator  
  156  9:08  Pylon  
  156  9:10  Pylon, Robotics Facility  
  156  9:11  Pylon  
  156  9:18  Pylon  
  156  9:27  Pylon  
  156  9:28  Disruptor (Chrono Boost), Zealot x4  
  156  9:29  Zealot x3  
  172  9:38  Stalker  
  172  9:49  Disruptor (Chrono Boost)  
  172  9:50  Stalker x2  
  172  9:51  Stalker  
  149  10:01  Zealot x3  
  149  10:05  Zealot x2  
  112  10:16  Stalker x3  
  112  10:22  Disruptor (Chrono Boost)  
  112  10:27  Probe x3  
  112  10:28  Probe  
  114  10:32  High Templar x3  
  114  10:33  High Templar  
  114  10:35  Blink (Chrono Boost)  
  120  10:37  Archon  
  120  10:38  Archon  
  120  10:39  Probe  
  120  10:41  Nexus, High Templar x2  
  125  10:45  Archon  
  125  10:46  Shield Battery  
  125  10:47  Observer (Chrono Boost)  
  125  10:48  Stalker  
  125  10:49  Stalker  
  128  10:50  Immortal (Chrono Boost)  
  128  10:56  Probe x4  
  131  11:08  Stalker x4  
  131  11:09  Colossus (Chrono Boost)  
  145  11:13  Gateway  
  145  11:16  Gateway  
  145  11:17  Zealot, Sentry  
  149  11:22  Sentry  
  149  11:23  Disruptor (Chrono Boost), Zealot  
  156  11:28  Shield Battery  
  156  11:35  Stalker x3  
  156  11:38  Stalker  
  161  11:45  Disruptor (Chrono Boost)  
  164  11:51  Disruptor (Chrono Boost)  
  167  11:54  Zealot x2  
  167  11:56  Pylon  
  167  11:58  Zealot  
  167  12:00  Pylon  
  171  12:14  Zealot x6  
Tags
 
Add a new tag
Caveats
  • Supply blocks, unpowered buildings, or Contaminate may cause inaccurate times.
  • Supply counts are checked every 10 seconds.